[Event "Leca Open 2022"]
[Site "Leca da Palmeira"]
[Date "2022.08.04"]
[Round "8.10"]
[White "Jansen, Bob"]
[Black "Touzane, Olivier"]
[Result "0-1"]
[ECO "B20"]
[WhiteElo "2162"]
[BlackElo "2266"]
[Annotator "TA"]
[PlyCount "68"]
[EventDate "2022.08.02"]
[EventType "swiss"]
[EventCountry "POR"]
[SourceTitle "playchess.com"]
[Source "ChessBase"]
[SourceQuality "1"]
[TimeControl "5400+30"]

1. e4 c5 2. d3 g6 3. f4 Bg7 4. Nf3 Nc6 5. Be2 d6 6. O-O Rb8 {[%emt 0:04:54] B21: Sicilian: 2 f4 and Morra Gambit.} 7. c3 {[%emt 0:04:37] [#]} a6 $146 ({Predecessor:} 7... Nf6 8. Qe1 O-O 9. Nbd2 b5 10. a3 Nd7 11. Ng5 e6 12. Ndf3 Nb6 13. g4 f6 {1-0 (48) Abergel,T (2387)-Bauer,C (2607) Chartres 2022}) 8. Qe1 Nf6 {[%emt 0:08:03] White has an edge.} 9. Kh1 c4 10. Be3 b6 11. Nbd2 Bb7 (11... cxd3 $11 {keeps the balance.} 12. Bxd3 O-O) 12. h3 (12. Nxc4 $16 b5 13. Nb6) 12... Na5 (12... cxd3 $14 13. Bxd3 O-O) 13. a4 (13. Qf2 $1 $16 Nd7 14. dxc4) 13... e6 (13... b5 $14) 14. f5 O-O (14... exf5 $142 15. exf5 O-O) 15. dxc4 (15. fxg6 $16 {Strongly threatening Ng5.} fxg6 16. Ng5 cxd3 17. Bxd3) 15... exf5 $14 16. exf5 Qd7 (16... Re8 $14 17. Bg1 Nc6) 17. Qf2 ({White should try} 17. Bd3 $16) 17... Rfe8 (17... Qxf5 $14 18. b4 (18. Bxb6 Ne4 $14) 18... Rfe8) 18. Bd3 d5 19. cxd5 (19. Bxb6 $6 Nxc4 20. fxg6 (20. Nxc4 dxc4 21. Bc2 Bxf3 $11) 20... hxg6 21. Bxc4 (21. Nxc4 $2 dxc4 22. Bxc4 Bxf3 $17) 21... dxc4 $11) (19. fxg6 $142 hxg6 20. Rad1 (20. Bxb6 Nxc4 21. Bxc4 dxc4 $14)) 19... Nxd5 $16 20. Bd4 {[%emt 0:01:32] Black must now prevent Bxg7.} Nf4 21. Bc2 (21. Bxg7 $1 $16 {[%cal Og7d4] Hoping for Bd4!} Qxd3 22. Bh6 (22. Be5 Rxe5 23. Nxe5 Qxh3+ 24. Kg1 Nxg2 $11)) 21... Re2 22. Qg3 Bh6 (22... Bxd4 $11 23. Qxf4 (23. cxd4 Qc7 $15) 23... Be5 $1) 23. Qh4 Nh5 24. Rf2 Rbe8 {[%emt 0:01:28] ...Bxd2 is the strong threat.} 25. Raf1 (25. Bxb6 $2 Bxd2 26. Rxe2 (26. Bxa5 $2 Be1 $19) 26... Rxe2 27. fxg6 (27. Bxa5 $2 Bxf3 28. Rg1 Bf4 $19) 27... hxg6 $1 $19) (25. Rd1 $14) 25... Bf4 26. Rxe2 Rxe2 27. Bd1 Qd6 28. fxg6 fxg6 29. b4 $2 (29. Bxe2 $18 Ng3+ 30. Qxg3 $1 (30. Kg1 Nxe2+ 31. Kh1 Ng3+ 32. Kg1 Ne2+ 33. Kh1 Ng3+ 34. Kg1 Ne2+ $11) 30... Bxg3 31. b4) 29... Ng3+ $2 {[%emt 0:02:19] [#]} (29... Bxd2 $2 30. Bxe2 Ng3+ 31. Qxg3 $3 Qxg3 32. bxa5 $18) (29... Rxd2 $14 30. Nxd2 Ng3+ 31. Qxg3 (31. Kg1 g5 $11) 31... Bxg3 32. bxa5 Bd5) 30. Kg1 $2 ({White has to play} 30. Qxg3 $1 $18 Bxg3 31. Bxe2) 30... Rxd2 {[%emt 0:00:53] Chess con chili. 0x0.00198a4f8208dp-1022s more active pieces.} ({Inferior is} 30... Bxd2 31. bxa5 Nf5 32. Bxe2 $1 $11) ({Better is} 30... Nf5 $1 $17 31. Bxe2 Nxh4 32. Nxh4 Bxd2 33. bxa5 Bxc3 $1 34. Bc4+ Bd5 35. Bxd5+ Qxd5 36. Bxc3 Qc5+ 37. Kh1 Qxc3 38. axb6 Qb4) 31. bxa5 $2 (31. Nxd2 $15 g5 32. Qxg3 $1 Bxg3 33. bxa5) 31... g5 $2 $40 {[%emt 0:00:55][%mdl 128] Black has some attack.} (31... Bxf3 $19 32. Bb3+ Bd5) 32. Bb3+ Kf8 {[%emt 0:00:13] [#]} (32... Bd5 $11 33. Bxd5+ Qxd5) 33. Nxd2 $4 gxh4 $19 34. Be3 Nxf1 {Weighted Error Value: White=1.06/Black=0.72} (34... Ne2+ $142 35. Kf2 Qd3 36. Bxf4 Nxf4 37. Kg1 Qxd2 38. Rxf4+ Qxf4 39. Bd1 Qc1 40. Kf2 Qxd1 41. Ke3 bxa5 42. c4 Bxg2 43. c5 Ke7 44. c6 Bxc6 45. Kf2 Qd2+ 46. Kf1 Bh1 47. Kg1 Qg2#) 0-1

[Event "Leca Open 2022"]
[Site "Leca da Palmeira"]
[Date "2022.08.04"]
[Round "8.11"]
[White "Das, Sayantan"]
[Black "Modi, Shyam Jagdish"]
[Result "1-0"]
[ECO "B44"]
[WhiteElo "2449"]
[BlackElo "2138"]
[Annotator "TA"]
[PlyCount "53"]
[EventDate "2022.08.02"]
[EventType "swiss"]
[EventCountry "POR"]
[SourceTitle "playchess.com"]
[Source "ChessBase"]
[SourceQuality "1"]
[TimeControl "5400+30"]

1. e4 c5 2. Nf3 e6 3. d4 cxd4 4. Nxd4 Nc6 5. Bf4 d6 6. Nxc6 {B44: Sicilian: Taimanov: 5 Nb5.} bxc6 7. c4 e5 8. Be3 {The position is equal.} Nf6 9. Nc3 Be7 (9... Ng4 $5 ) 10. Be2 Be6 11. Qa4 {[#]} Qc7 $146 ({Predecessor:} 11... Qd7 12. O-O O-O 13. Rfd1 Qb7 14. b4 a6 15. Rab1 Ng4 16. Bxg4 Bxg4 17. f3 Bd7 18. Qb3 Rab8 {1-0 (50) Bedard,E (1651)-Thomas,G (1974) ICCF email 2015}) 12. Nd5 Nxd5 (12... Qb7 {keeps more tension.} 13. Nxe7 Qxb2 14. O-O Qxe2 15. Nf5 Bxf5 16. Rfe1 Qh5) 13. cxd5 (13. exd5 Bd7 $11) 13... Bd7 14. dxc6 Qxc6 15. Qxc6 Bxc6 16. f3 $36 {[%mdl 2048] White has good play.} O-O (16... a5 $14) 17. Rc1 $16 Bd7 (17... Be8 $16) 18. Rc7 $1 $18 Rfd8 {[#]} 19. Ba6 $1 {[%cal Be2a6,Ba6b7,Bb7a8,Ba8d5][%mdl 32] And now Bb7 would win.} d5 {[#]} 20. Bb7 $1 (20. exd5 Bd6 21. Rc2 (21. Rxa7 $2 Rxa7 22. Bxa7 Ra8 $19) 21... Bf5 $16) (20. Rxa7 $2 Rxa7 21. Bxa7 Ra8 $19) 20... d4 21. Bxa8 dxe3 22. Bd5 ({Stronger than} 22. Rxa7 Bb4+ 23. Kd1 (23. Ke2 $2 {leads to mate.} Bb5+ 24. Kxe3 Bc5#) 23... e2+ 24. Kc2 (24. Kxe2 $2 Bb5+ 25. Kf2 Bc5+ 26. Kg3 Bxa7 $19) 24... Be8 $17) 22... Bb4+ 23. Ke2 {Hoping for Rhc1.} Bd2 {Prevents Rhc1.} 24. Rd1 a5 25. b3 Bb5+ 26. Bc4 Be8 27. Rc5 {Weighted Error Value: White=0.02 (flawless) /Black=0.30} 1-0

[Event "Leca Open 2022"]
[Site "Leca da Palmeira"]
[Date "2022.08.04"]
[Round "8.12"]
[White "Umetsubo, Cesar Hidemitsu"]
[Black "Verma, Aditya"]
[Result "1-0"]
[ECO "D00"]
[WhiteElo "2405"]
[BlackElo "2114"]
[Annotator "TA"]
[PlyCount "61"]
[EventDate "2022.08.02"]
[EventType "swiss"]
[EventCountry "POR"]
[SourceTitle "playchess.com"]
[Source "ChessBase"]
[SourceQuality "1"]
[TimeControl "5400+30"]

1. d4 d5 2. Bf4 Nf6 3. e3 c5 4. c3 Nc6 5. Nd2 e6 6. Ngf3 Bd6 7. Bg3 O-O 8. Bd3 Re8 9. Ne5 Bxe5 10. dxe5 Nd7 {[%emt 0:00:24] D02: 1 d4 d5 2 Nf3 sidelines, including 2...Nf6 3 g3 and 2...Nf6 3 Bf4.} 11. f4 (11. Qh5 g6 12. Qd1 Ndxe5 $17) 11... Nf8 (11... c4 $11 {remains equal.} 12. Be2 Qb6) 12. O-O {[%emt 0:13:46] [#]} (12. Qf3 $16) 12... Bd7 $146 (12... c4 $11 {keeps the balance.} 13. Bc2 Qb6) ({Predecessor:} 12... c4 13. Bc2 Qb6 14. Qc1 Qxe3+ 15. Kh1 Qb6 16. Bf2 Qc7 17. Nf3 b5 18. a3 Ng6 {½-½ (32) Nurmi,R (1784)-Perry,W (1972) ICCF email 2016}) 13. Qh5 {[%emt 0:04:26] White is more active.} ({White should try} 13. e4 $16) 13... c4 14. Bc2 {[%emt 0:00:14] Threatening Bf2.} Qb6 15. Nf3 Qxb2 16. Rac1 {[%emt 0:00:24] [#] Hoping for Ng5.} Ne7 17. Ng5 Neg6 18. Qe2 {[%emt 0:12:46][%cal Og5f7] aiming for Nxf7!} Qa3 $1 (18... Qxa2 {[#]} 19. Nxf7 $1 Ba4 20. Nd6 $16) 19. h4 h6 (19... Qxa2 $2 20. Ra1 (20. h5 Qa3 $18) 20... Qb2 21. Rfb1 (21. h5 Qxc3 22. hxg6 hxg6 $18) 21... Qxc3 22. Be1 Qxa1 23. Rxa1 $18) 20. Nf3 b5 (20... Qxa2 $2 21. Ra1 Qb2 22. Rfb1 Qxc3 23. Be1 Qxa1 24. Rxa1 $18) 21. h5 Ne7 22. Bh4 b4 23. Nd4 {[%emt 0:04:14] Qg4 is the strong threat.} Nf5 (23... bxc3 $2 24. Qg4 $18) 24. Bf6 bxc3 $4 (24... gxf6 $19 {and all is fine.} 25. Qg4+ Kh8 26. exf6 Nh7 27. Bxf5 (27. Nxf5 $2 Rg8 $19) 27... Rg8) 25. Qg4 $18 g6 26. Qh3 Kh7 (26... Qxa2 {leads to mate.} 27. Nxf5 exf5 28. hxg6 fxg6 29. Qxh6 Ne6 30. Qxg6+ Kf8 31. Rf3) (26... Nxd4 $2 27. exd4 Kh7 28. Bb1 $18) (26... Re7 27. Bxf5 exf5 28. hxg6 fxg6) 27. g4 Nxd4 28. exd4 {[%emt 0:04:08] White wants to mate with Kf2.} Ba4 29. g5 {[%emt 0:00:26] White mates.} Kg8 30. hxg6 Nxg6 31. Bxg6 {[%emt 0:03:39] Weighted Error Value: White=0.44/Black=0.65} 1-0

[Event "Leca Open 2022"]
[Site "Leca da Palmeira"]
[Date "2022.08.04"]
[Round "8.13"]
[White "Goncalves, Samuel Jesus P"]
[Black "Pierrot, Facundo"]
[Result "1/2-1/2"]
[ECO "D07"]
[WhiteElo "1957"]
[BlackElo "2371"]
[Annotator "TA"]
[PlyCount "81"]
[EventDate "2022.08.02"]
[EventType "swiss"]
[EventCountry "POR"]
[SourceTitle "playchess.com"]
[Source "ChessBase"]
[SourceQuality "1"]
[TimeControl "5400+30"]

1. d4 d5 2. c4 Nc6 3. Nf3 Bg4 4. e3 e6 5. Nc3 Nf6 6. cxd5 exd5 7. Be2 {[%emt 0:01:17] D07: Queen's Gambit: Chigorin Defence.} Bd6 8. a3 O-O 9. b4 Re8 10. O-O a6 11. Qc2 {[%emt 0:03:11] [#]} Qd7 $146 ({Predecessor:} 11... Ne4 12. Nxd5 Bxh2+ 13. Nxh2 Bxe2 14. Nxc7 Bxf1 15. Nxe8 Bxg2 16. Nxg7 Kxg7 17. Kxg2 {1-0 (39) Hungaski,R (2438)-Schroer,J (2361) ICC INT 2010}) 12. Bb2 Re6 13. b5 (13. h3 $11 Bh5 14. Bd3) 13... axb5 $15 14. Nxb5 Ne4 15. Ne5 (15. Nxd6 $11 Rxd6 16. Rac1) 15... Nxe5 $17 16. dxe5 Bxe2 ({Resist} 16... Bxe5 17. Bxg4 Qxb5 18. Bxe6 Qxb2 19. Qxb2 Bxb2 20. Rab1 fxe6 21. Rxb2 $11) 17. Qxe2 Bxe5 18. Rfc1 Bxb2 (18... c6 $17 19. Bxe5 Rxe5) 19. Rxc7 $15 {[%emt 0:01:22] [#]} Qd8 20. Qxb2 $11 Rb6 {[%emt 0:00:06][%cal Ob6b5] Hoping for ...Rxb5!} 21. Rac1 Nd6 22. R7c5 Ne4 23. Rc7 h6 24. Qe2 Qe8 25. a4 Qe5 26. f3 Nf6 (26... Nd6 $11) 27. Rc8+ $14 Rxc8 28. Rxc8+ Kh7 29. Qd3+ g6 30. Qd4 {[%emt 0:02:56] Against Qa1+} Qxd4 31. exd4 {[%emt 0:00:07][%mdl 4096] Endgame KRN-KRN} g5 32. Rc5 Kg6 33. a5 (33. Kf2 $5 ) 33... Re6 34. Nc7 Re1+ 35. Kf2 Rd1 (35... Rb1 $11 {remains equal.}) 36. Nxd5 (36. Rb5 $16 Rd2+ 37. Kf1 Rd1+ 38. Ke2) 36... Rxd4 37. Nxf6 Kxf6 {[%emt 0:00:07] The position is equal.} 38. Rb5 Rd2+ 39. Kg3 Ra2 40. Rb6+ Kg7 41. Rxb7 {[%emt 0:00:06] Weighted Error Value: White=0.15 (very precise) /Black=0.19 (very precise)} 1/2-1/2

[Event "Leca Open 2022"]
[Site "Leca da Palmeira"]
[Date "2022.08.04"]
[Round "8.14"]
[White "Sismeiro, Miguel"]
[Black "Colijn, Stefan"]
[Result "1-0"]
[ECO "B42"]
[WhiteElo "2162"]
[BlackElo "2336"]
[Annotator "TA"]
[PlyCount "65"]
[EventDate "2022.08.02"]
[EventType "swiss"]
[EventCountry "POR"]
[SourceTitle "playchess.com"]
[Source "ChessBase"]
[SourceQuality "1"]
[TimeControl "5400+30"]

1. e4 c5 2. Nf3 e6 3. d4 cxd4 4. Nxd4 a6 5. Bd3 Qb6 6. Nb3 d6 7. O-O Nf6 8. c4 Be7 9. Nc3 Qc7 10. Be3 {[%emt 0:05:40] B42: Sicilian: Kan Variation: 5 Bd3.} Nbd7 11. f4 {[%emt 0:07:33] White is more active.} b6 12. Rc1 {[%emt 0:09:34] White is slightly better.} Bb7 13. Nd2 Rc8 14. a3 Qb8 15. b4 O-O {[%emt 0:19:54] [#]} 16. Qf3 $146 ({Predecessor:} 16. Qe2 Rfe8 17. Bf2 Bf8 18. Bg3 g6 19. h3 Nh5 20. Bh2 f5 21. Qf2 Nhf6 22. Rfe1 {½-½ (43) Oral,T (2335)-Pugachov,A (2470) Mlada Boleslav 1993}) 16... g6 (16... d5 $14) 17. Qh3 $16 Rfe8 18. Nf3 (18. f5 $16) 18... d5 $2 {[%emt 0:05:33] This move loses the game for Black.} ({Black should play} 18... Bf8 $1 $14) 19. cxd5 $18 exd5 20. e5 {[%emt 0:00:25] And now Bd4 would win.} Ne4 $2 (20... Nf8 21. exf6 Bxf6) 21. Nxd5 $2 (21. Qxd7 Rxc3 22. Rxc3 Nxc3 $18) (21. e6 fxe6 22. Qxe6+ Kh8 23. Nxe4 (23. Bxe4 Bc5 $17)) 21... Bxd5 22. Qxd7 Nc3 (22... Rcd8 $16 23. Qa4 a5) 23. Qh3 {[%emt 0:04:38] Black must now prevent f5.} ({Weaker is} 23. Bxa6 Rc7 24. Qh3 Be6 $14) 23... a5 $2 (23... f5 24. Nd4 (24. Bxa6 Rc7 $18) 24... Rf8 25. Bxa6 Rc7) 24. Bd4 $40 {[%emt 0:03:18][%mdl 128] White has strong attack.} (24. f5 $142) 24... Be6 25. Qg3 Bf5 $2 (25... axb4 26. axb4 Red8) 26. Rxc3 Rxc3 27. Bxf5 ({Less strong is} 27. Bxc3 Bxd3 28. Rd1 Be4 $14) 27... Rxa3 (27... Rxf3 $142 28. Rxf3 axb4 29. axb4 Bxb4) 28. e6 {[%emt 0:01:39] exf7+ is the strong threat.} Bxb4 {[%emt 0:00:27] [#]} 29. Qh4 $1 {[%emt 0:01:01] White mates.} fxe6 {[%emt 0:06:35] [#]} (29... Rxe6 30. Ng5) 30. Qf6 $1 e5 31. Be6+ Rxe6 32. Qxe6+ Kf8 33. Nxe5 {[%emt 0:00:13] Weighted Error Value: White=0.33/Black=0.91} 1-0

[Event "Leca Open 2022"]
[Site "Leca da Palmeira"]
[Date "2022.08.04"]
[Round "8.15"]
[White "Monteiro, Paulo Alexandre G"]
[Black "Cabezas Ayala, Ivan"]
[Result "1-0"]
[ECO "E92"]
[WhiteElo "1980"]
[BlackElo "2296"]
[Annotator "TA"]
[PlyCount "112"]
[EventDate "2022.08.02"]
[EventType "swiss"]
[EventCountry "POR"]
[SourceTitle "playchess.com"]
[Source "ChessBase"]
[SourceQuality "1"]
[TimeControl "5400+30"]

1. d4 Nf6 2. c4 g6 3. Nc3 Bg7 4. e4 d6 5. Nf3 O-O 6. Be2 e5 7. Be3 c6 8. d5 Ng4 9. Bg5 f6 {[%emt 0:04:52] E92: King's Indian: Classical: 6 Be2 e5: 7 dxe5, 7 Be3 and Petrosian System without 7...Nbd7.} 10. Bc1 f5 11. exf5 gxf5 {[%emt 0:03:35] White is slightly better.} 12. Bg5 Nf6 13. Qd2 c5 {[%emt 0:02:04] [#]} (13... Qd7 $14) 14. Nh4 $146 ({Predecessor:} 14. O-O Bd7 15. Qc2 Na6 16. a3 Nc7 17. Rad1 Qe8 18. Bxf6 Bxf6 19. Rfe1 Qg6 20. Bf1 Rae8 21. g3 {0-1 (35) Juhas,J (1782)-Klimes,M (1871) Slovakia 2012}) 14... Qe8 15. O-O-O a6 16. f3 b5 17. Bd3 (17. cxb5 axb5 18. Nxb5 (18. Bxb5 Qh5 $14) 18... Qd7 $14) 17... b4 18. Ne2 {[%emt 0:00:50] White is more active.} (18. Nxf5 bxc3 19. Qxc3 (19. bxc3 $2 Bxf5 20. Bxf5 Nbd7 $19) 19... Bxf5 20. Bxf5 e4 $15) 18... e4 (18... f4 $16 {might work better.}) 19. Bb1 $1 $18 Nfd7 20. Qc2 (20. fxe4 $18 Ne5 21. b3 (21. exf5 $2 Nxc4 22. Qd3 Nxb2 $19)) 20... Qh5 ({Black should play} 20... Nb6 $1 $14) 21. f4 $1 $16 Ne5 22. Ng3 $1 Qg4 23. Qb3 (23. Nxe4 $142 $1 fxe4 24. h3 (24. Qxe4 Qh5 $17)) 23... a5 {[%emt 0:07:55] Threatens to win with ...a4.} 24. a4 $2 {[%emt 0:11:47] [#]} (24. h3 $14 {keeps the upper hand.} a4 25. hxg4 axb3 26. fxe5 Bxe5 27. Nhxf5 bxa2 28. Bxa2 $1 Rxa2 29. Ne7+ (29. Nxe4 Bxf5 30. gxf5 Rxf5 $17) 29... Kh8 30. Ng6+ Kg8 31. Nxe5 (31. Nxf8 Bxg4 32. Rdf1 Bxg3 $14) 31... dxe5 32. Nxe4) 24... bxa3 $1 $17 25. h3 axb2+ 26. Kc2 a4 27. Qc3 {[%emt 0:00:14] [#]} Nxc4 $2 28. hxg4 (28. Qxg7+ $1 $18 Kxg7 29. hxg4 Ne3+ 30. Kxb2 a3+ 31. Ka2 Nxg4 32. Be7) 28... Bxc3 $14 29. Kxc3 {[%emt 0:00:06] The board is on fire.} Ne3 {[%emt 0:00:13] [#] aiming for ...a3.} (29... a3 $2 30. Kxc4 fxg4 31. Kb3 (31. Bxe4 a2 $11) 31... c4+ 32. Kxc4 $18 (32. Ka2 Na6 $16)) 30. Rd2 (30. Kxb2 $1 $16 {[%cal Og3f5] Hoping for Ngxf5!} Nxg4 (30... a3+ 31. Ka2) 31. Be7) 30... a3 $15 (30... fxg4 $2 31. Nxe4 Na6 32. Nxd6 $18 (32. Re1 Rb8 $14)) 31. Nhxf5 Nxf5 32. gxf5 Na6 {[%emt 0:00:49] White must now prevent ...Nb4.} 33. Bxe4 {[%emt 0:01:23] And now Be7 would win.} Re8 {[%emt 0:01:01] Against Be7} 34. f6 Rxe4 35. Nxe4 $18 Bf5 36. f7+ Kf8 37. Bh6+ Kxf7 38. Nxd6+ Kg6 39. Nxf5 Kxf5 40. g4+ Kxg4 41. d6 Nb4 42. d7 Nc6 43. Bg5 Rb8 44. Rg1+ (44. Rb1 $18) 44... Kf5 $11 45. d8=Q Nxd8 46. Rxd8 (46. Bxd8 $5 b1=Q 47. Rxb1 Rxb1 48. Ra2 $11) 46... a2 47. Rf8+ $1 (47. Rxb8 $2 a1=Q 48. Rxb2 (48. Rf8+ $2 Ke4 $19) 48... Qxg1 $19) (47. Rd5+ $2 Ke4 48. Rdd1 b1=Q $19) 47... Ke4 48. Re8+ (48. Rxb8 $2 a1=Q 49. Rxb2 (49. Re8+ $2 Kf3 $19) 49... Qxg1 50. Re2+ Kf3 $19) 48... Kf3 49. Ree1 (49. Rxb8 a1=Q 50. Rxa1 bxa1=Q+ 51. Kd2 Qa5+ 52. Kc2 c4 $19) (49. Rf1+ $11 Kg3 50. Rg1+ (50. Rxb8 $2 {loses.} a1=Q $19) 50... Kf3 51. Rf1+ (51. Rxb8 $2 {too greedy.} a1=Q $19) 51... Kg4 52. Rg1+ (52. Rxb8 $2 a1=Q $19) 52... Kf3) 49... b1=Q 50. Rgf1+ Kg4 51. Rg1+ Kh5 52. Rh1+ {[%emt 0:00:09] [#]} Kg6 $1 53. Rh6+ Kg7 {[%emt 0:00:14] Black mates.} 54. Re7+ Kg8 55. Bf6 a1=Q+ 56. Kc4 Qb3+ {[%emt 0:00:32][%mdl 32768] Both players deserved the win here.  Weighted Error Value: White=0.37/Black=0.32. Loss on time!?} (56... Qaa2+ $142 57. Kxc5 Qb6#) 1-0